 Dungeon Crawl Stone Soup version 0.24.0-125-gc4c63601f3 (webtiles) character file.

Game seed: 12088313399930276460, levelgen mode: deterministic

167 nightchill the Ruffian (level 5, -5/42 HPs)
             Began as a Draconian Transmuter on Feb 28, 2020.
             Slain by an ogre
             ... wielding a +0 giant club
              (29 damage)
             ... on level 3 of the Dungeon.
             The game lasted 00:08:54 (3281 turns).

nightchill the Ruffian (Draconian Transmuter)       Turns: 3281, Time: 00:08:55

Health: -5/42      AC:  5    Str: 14    XL:     5   Next: 23%
Magic:  3/8        EV: 12    Int: 13    God:
Gold:   148        SH:  0    Dex: 11    Spells: 1/8 levels left

rFire    . . .     SeeInvis .     - Unarmed
rCold    . . .     Gourm    .   (no shield)
rNeg     . . .     Faith    .   (armour unavailable)
rPois    .         Spirit   .   (helmet restricted)
rElec    .         Reflect  .   D - scarf {repulsion}
rCorr    .         Harm     .   (no gloves)
MR       .....                  (no boots)
Stlth    +.........             (no amulet)
HPRegen  0.14/turn              (no ring)
MPRegen  0.11/turn              (no ring)

@: appendage, repel missiles
A: unfitting armour, horns 2, cold-blooded, AC +5
a: End Transformation


You were on level 3 of the Dungeon.
You were not hungry.
You had grown temporary horns.
You visited 1 branch of the dungeon, and saw 4 of its levels.

You collected 148 gold pieces.

Inventory:

Missiles
 a - 84 arrows
 j - 53 stones (quivered)
 t - 16 sling bullets
Armour
 k - a +0 shield
 v - a +0 cloak
 D - a scarf of repulsion (worn)
Jewellery
 m - a +6 ring of intelligence {unknown}
 q - an uncursed ring of ice {unknown}
 s - a cursed ring of attention {unknown}
 u - an uncursed ring of stealth {unknown}
 w - an uncursed ring of resist corrosion {unknown}
 C - an uncursed amulet of faith {unknown}
Scrolls
 b - a scroll of fear {unknown}
 e - a scroll of enchant armour {unknown}
 f - 5 scrolls of identify {unknown}
 h - 2 scrolls of teleportation {unknown}
 l - 2 scrolls of blinking {unknown}
 o - a scroll of immolation {unknown}
 y - a scroll of remove curse {unknown}
 B - a scroll of enchant weapon {unknown}
 E - a scroll of magic mapping {unknown}
Potions
 d - 5 potions of curing {unknown}
 g - 4 potions of ambrosia {unknown}
 i - a potion of might {unknown}
 n - a potion of invisibility {unknown}
 p - a potion of mutation {unknown}
 r - 2 potions of heal wounds {unknown}
 x - 2 potions of magic {unknown}
 A - a potion of haste {unknown}
 F - 2 potions of flight {unknown}
Comestibles
 c - 6 rations


   Skills:
 + Level 2.3 Fighting
 - Level 1.7 Dodging
 * Level 4.3 Unarmed Combat
 - Level 2.0 Spellcasting
 * Level 3.6 Transmutations
 * Level 1.2 Ice Magic


You had one spell level left.
You knew the following spells:

 Your Spells              Type           Power        Failure   Level  Hunger
a - Beastly Appendage     Tmut           ##....       5%          1    ##.....
b - Sticks to Snakes      Tmut           ##......     9%          2    ###....
c - Ice Form              Ice/Tmut       #.......     67%         4    #####..

Your spell library contained the following spells:

 Spells                   Type           Power        Failure   Level  Hunger
 Spider Form              Tmut/Pois      #.........   34%         3    ####...
 Blade Hands              Tmut           ##........   83%         5    ######.


Dungeon Overview and Level Annotations

Branches:
Dungeon (4/15)
 Temple: D:4-7

Altars:
Dithmenos
Fedhas
Hepliaklqana
Kikubaaqudgha
Sif Muna
Uskayaw


Innate Abilities, Weirdness & Mutations

Your plain brown scales are hard. (AC +5)
You cannot fit into any form of body armour.
You are cold-blooded and may be slowed by cold attacks.
You have a pair of horns on your head.


Message History

The ogre is moderately wounded.
The ogre barely misses you.
You hit the ogre.
The ogre is heavily wounded.
You hit the ogre.
The ogre is heavily wounded.
The ogre misses you.
You closely miss the ogre.
The ogre is heavily wounded.
The ogre closely misses you.
You hit the ogre.
The ogre is severely wounded.
The ogre misses you.
You hit the ogre.
The ogre is severely wounded.
You hit the ogre.
The ogre is severely wounded.
The ogre hits you with a +0 giant club!!
Ouch! That really hurt!
You die...

###.###รท###...#
#.).#.#...#.#
##..#.#.#'#+##
#...........#
#.###.......#
#...........#
#####.......#
#..O....######
###.@#......)#
##'#######.#
#.....# #.#
#.....# #.#
#.(...# #.#
#.....####.#
#.....'..#.#
#.....##.#.#
########.#.#


You could see an ogre.

Vanquished Creatures
  4 adders
  An ooze (D:2)
  2 worms (D:3)
  A dart slug (D:3)
  3 leopard geckos
  An orc (D:3)
  2 ball pythons
  5 giant cockroaches
  7 goblins
  6 hobgoblins
  14 jackals
  7 kobolds
  5 bats
  4 frilled lizards
  9 rats
71 creatures vanquished.

Vanquished Creatures (collateral kills)
  Natasha (thrice) (D:2)
3 creatures vanquished.

Grand Total: 74 creatures vanquished

Notes
Turn   | Place    | Note
-------+----------+-------------------------------------------
     0 | D:1      | nightchill the Draconian Transmuter began the quest for the
                  | Orb.
     0 | D:1      | Reached XP level 1. HP: 16/16 MP: 3/3
   406 | D:1      | Reached XP level 2. HP: 23/23 MP: 3/5
  1093 | D:2      | Reached XP level 3. HP: 17/29 MP: 6/6
  1306 | D:2      | Learned a level 2 spell: Sticks to Snakes
  1307 | D:2      | Found a hazy altar of Hepliaklqana.
  1320 | D:2      | Noticed Natasha
  1335 | D:2      | Killed Natasha
  1349 | D:2      | Noticed Natasha
  1362 | D:2      | Killed Natasha
  1385 | D:2      | Noticed Natasha
  1394 | D:2      | Killed Natasha
  1394 | D:2      | Reached XP level 4. HP: 22/36 MP: 1/7
  1512 | D:2      | Found a blossoming altar of Fedhas.
  1711 | D:2      | Found a shadowy altar of Dithmenos.
  1779 | D:2      | Reached skill level 4 in Unarmed Combat
  1938 | D:2      | Found an ancient bone altar of Kikubaaqudgha.
  2123 | D:3      | Learned a level 4 spell: Ice Form
  2893 | D:3      | Found a shimmering blue altar of Sif Muna.
  2949 | D:4      | Reached skill level 1 in Ice Magic
  2949 | D:4      | Reached XP level 5. HP: 42/42 MP: 6/8
  2967 | D:4      | Noticed a +0 dagger
  2967 | D:4      | Noticed a +0 hand axe
  2968 | D:4      | Found a hide-covered altar of Uskayaw.
  3240 | D:4      | Noticed an ogre
  3281 | D:3      | Slain by an ogre

Levels and vault maps discovered:
D:1:      sevenhm_arrival_forest_fort_small_3, layout_basic
D:2:      layout_rooms, lemuel_crystal_altar, kiku_gazebo_garden_becter,
          grunt_dithmenos_smoke, fedhas_altar_1, uniq_natasha
D:3:      layout_basic, lemuel_blue_sif_altar, minmay_quantized
D:4:      layout_basic, dancing_weapons_uskayaw, serial_shops, shop,
          biasface_ghost_orc_armoury, first_ration, portal_sewer_entry_f

Skill      XL: |  1  2  3  4 |
---------------+-------------+-----
Fighting       | 2 |  2.3
Transmutations | 3 |  3.6
Unarmed Combat | 4 |  4.3
Ice Magic      | 1 |  1.2
Dodging        | |  1.7
Spellcasting   | |  2.0

Action                   |  1- 3 |  4- 6 || total
-------------------------+-------+-------++-------
Melee: Unarmed           |    82 |   149 ||   231
       Headbutt          |     3 |     7 ||    10
       Tailslap          |     3 |    22 ||    25
       Kick              |     3 |    16 ||    19
       Punch             |       |     1 ||     1
 Cast: Beastly Appendage |    18 |    28 ||    46
       Sticks to Snakes  |     6 |     4 ||    10
  Eat: Chunk             |     1 |     5 ||     6
       Ration            |       |     1 ||     1
Armor: Skin              |    36 |    51 ||    87
Dodge: Dodged            |    67 |    90 ||   157
